 Dungeon Crawl Stone Soup version 0.17-a0-1778-gd369669 (webtiles) character file.

777 shakdrar the Covered (level 8, 0/61 HPs)
             Began as a Formicid Abyssal Knight on Sept 8, 2015.
             Was a Priest of Lugonu.
             Slain by a jelly (3 damage)
             ... on level 5 of the Dungeon.
             The game lasted 00:19:19 (7176 turns).

shakdrar the Covered (Formicid Abyssal Knight)      Turns: 7176, Time: 00:19:19

Health: 0/61       AC: -9    Str: 19    XL:     8   Next: 10%
Magic:  10/10      EV:  8    Int: 11    God:    Lugonu [***...]
Gold:   258        SH:  0    Dex: 11    Spells: 0 memorised, 7 levels left

rFire  . . .     SeeInvis +     a - +2 falchion
rCold  . . .     Clarity  .     k - +0 chain mail
rNeg   . . .     SustAt   .     (no shield)
rPois  .         Gourm    .     (helmet unavailable)
rElec  .         Spirit   .     (no cloak)
rCorr  .         Warding  .     (no gloves)
rMut   .         Stasis   +     (no boots)
MR     .....                    (no amulet)
Stlth  ..........               (no ring)
                                (no ring)

@: corroded equipment, not resistant to hostile enchantments, extremely
unstealthy
A: permanent stasis, dig shafts and tunnels, four strong arms, antennae 3
a: Dig, Shaft Self, Depart the Abyss, Bend Space, Banish, Renounce Religion


You were on level 5 of the Dungeon.
You worshipped Lugonu.
Lugonu was most pleased with you.
You were not hungry.

You visited 1 branch of the dungeon, and saw 5 of its levels.
You visited the Abyss 1 time.

You collected 258 gold pieces.

Inventory:

Hand weapons
 a - a +2 falchion (weapon)
Missiles
 e - 8 needles of sleeping
Armour
 b - a +0 leather armour
 k - a +0 chain mail (worn)
Scrolls
 c - 2 scrolls of remove curse
 d - 7 scrolls of identify
 g - a scroll of enchant weapon
Potions
 f - 3 potions of curing
Books
 j - a Young Poisoner's Handbook

   Spells                             Type                      Level
   a - Sting                          Conjuration/Poison           1
   b - Cure Poison                    Poison                       2
   c - Mephitic Cloud                 Conjuration/Poison/Air       3
   d - Olgreb's Toxic Radiance        Poison                       4
   e - Venom Bolt                     Conjuration/Poison           5
Comestibles
 h - 3 beef jerkies
 l - a slice of pizza


   Skills:
 + Level 4.7 Fighting
 + Level 4.0 Long Blades
 + Level 7.3 Armour
 - Level 0.8 Dodging
 + Level 3.8 Invocations


You had 7 spell levels left.
You didn't know any spells.

Dungeon Overview and Level Annotations

Branches:
Dungeon (5/15)
 Temple: D:4-7

Altars:
Okawaru
Ru
Trog
Xom

Annotations:
D:5 Prince Ribbit


Innate Abilities, Weirdness & Mutations

You are under a permanent stasis effect.
You can dig through walls and to a lower floor.
Your four strong arms can wield two-handed weapons with a shield.
You have a pair of large antennae on your head (SInv).


Message History

The jelly is almost dead.
The jelly hits you.
You are splashed with acid!
The acid corrodes you!
The acid burns!
An orc comes into view.
You hit the jelly.
Your hands burn!
The jelly is almost dead.
The jelly hits you.
You are splashed with acid!
The acid corrodes you!
The acid burns!
* * * LOW HITPOINT WARNING * * *
You hit the jelly but do no damage.
Your hands burn!
* * * LOW HITPOINT WARNING * * *
The jelly is almost dead.
The jelly hits you.
* * * LOW HITPOINT WARNING * * *
You are splashed with acid!
The acid burns!
* * * LOW HITPOINT WARNING * * *
You barely miss the jelly.
The jelly is almost dead.
The jelly hits you.
You die...

#.##.#.###.....#
#.##.#.#.....####
#)##.#.#.#.......
#>..........<....
#.##.#.##..#######
#.##.#.#..........
#.##.#.#.#.#######
#.##.#.#.#.###########
#.............@J..o...
####.#...#..#####.####
#.######.# #.. ####
##.# .... .. ### #.#
.# #############


You could see a jelly and an orc.

Vanquished Creatures
  Duvessa (D:5)
  Dowan (D:5)
  3 scorpions (D:4)
  A jelly (D:4)
  An orc priest (D:4)
  A hound (D:4)
  4 orc wizards
  2 worker ants (D:4)
  A gnoll (D:1)
  9 adders
  An adder skeleton (D:5)
  3 worms
  5 giant geckos
  13 orcs
  A ball python (D:1)
  11 bats
  5 goblins
  9 hobgoblins
  8 jackals
  7 giant cockroaches
  6 giant newts
  6 kobolds
  2 quokkas
  11 rats
112 creatures vanquished.

Vanquished Creatures (others)
  2 iguanas (D:4)
2 creatures vanquished.

Grand Total: 114 creatures vanquished

Notes
Turn   | Place    | Note
--------------------------------------------------------------
     0 | Abyss:1  | shakdrar the Formicid Abyssal Knight began the quest for the Orb.
     0 | Abyss:1  | Reached XP level 1. HP: 18/18 MP: 2/2
    26 | D:1      | Escaped the Abyss
   170 | D:1      | Reached XP level 2. HP: 17/24 MP: 4/4
   373 | D:1      | Reached XP level 3. HP: 21/29 MP: 5/5
   473 | D:1      | Acquired Lugonu's second power
  1007 | D:1      | Reached XP level 4. HP: 30/35 MP: 6/6
  1380 | D:2      | Reached skill level 4 in Armour
  2624 | D:2      | Reached XP level 5. HP: 29/41 MP: 7/7
  2836 | D:2      | Found a sacrificial altar of Ru.
  2855 | D:2      | Reached skill level 5 in Armour
  3241 | D:2      | Found a bloodstained altar of Trog.
  3241 | D:2      | Found a shimmering altar of Xom.
  3564 | D:3      | Acquired Lugonu's third power
  3877 | D:3      | Reached XP level 6. HP: 47/47 MP: 8/8
  3909 | D:3      | Reached skill level 6 in Armour
  4981 | D:4      | Found an iron altar of Okawaru.
  5404 | D:4      | Reached XP level 7. HP: 53/53 MP: 9/9
  6124 | D:4      | Reached skill level 7 in Armour
  6158 | D:4      | HP: 2/55 [poisoned by a scorpion]
  6572 | D:5      | Entered Level 5 of the Dungeon
  6655 | D:5      | Noticed Prince Ribbit
  6980 | D:5      | Noticed Duvessa
  6999 | D:5      | Noticed Dowan
  7005 | D:5      | Killed Duvessa
  7005 | D:5      | Reached XP level 8. HP: 38/61 MP: 10/10
  7015 | D:5      | Killed Dowan
  7175 | D:5      | HP: 3/61 [acid (10)]
  7176 | D:5      | Slain by a jelly

Vault maps used:
D:1:      lemuel_arrival_broad_hall, hangedman_decor_opposing
D:2:      old_standard_altar, gammafunk_temple_overflow_statue
D:4:      minivault_26, okawaru_ov_weapons_minmay
D:5:      first_bread, minmay_fire_ice_demons, uniq_duvessa, uniq_prince_ribbit1

Action                   |  1- 3 |  4- 6 |  7- 9 || total
-------------------------+-------+-------+-------++-------
Melee: Falchion          |   109 |   272 |   158 ||   539
Invok: Banish            |       |     1 |     1 ||     2
  Use: Scroll            |     3 |     4 |     1 ||     8
       Potion            |       |     4 |       ||     4
 Stab: Sleeping          |       |     1 |       ||     1
  Eat: Bread ration      |       |     1 |       ||     1
       Beef jerky        |       |     1 |       ||     1
       Chunk             |       |     4 |       ||     4
       Meat ration       |       |     1 |     2 ||     3
